 Dungeon Crawl Stone Soup version 0.32-a0-921-g04a7ad8e02 (webtiles) character file.

Game seed: 8721460184449977857

114 Revguard the Trooper (level 4, -3/35 HPs)
             Began as a Demonspawn Fighter on Apr 12, 2024.
             Slain by a river rat (4 damage)
             ... on level 3 of the Dungeon.
             The game lasted 00:04:58 (1620 turns).

Revguard the Trooper (Demonspawn Fighter)           Turns: 1620, Time: 00:04:58

Health: -3/35      AC:  6    Str: 18    XL:     4   Next: 66%
Magic:  5/5        EV:  7    Int:  9    God:
Gold:   153        SH:  8    Dex: 12    Spells: 3/3 levels left

rFire   . . .        a - +0 war axe
rCold   . . .        l - +0 kite shield
rNeg    . . .        b - +0 scale mail
rPois   .            (no helmet)
rElec   .            (no cloak)
rCorr   .            (no gloves)
SInv    .            (no boots)
Will    .....        (no amulet) Stlth
                     (no ring)
HPRegen 0.25/turn    (no ring)
MPRegen 0.09/turn

%: no passive effects
@: very slow
A: ignite blood 1
a: no special abilities


You were on level 3 of the Dungeon.
You visited 1 branch of the dungeon, and saw 3 of its levels.

You collected 153 gold pieces.

Inventory:

Hand Weapons
 a - a +0 war axe (weapon)
Missiles
 j - a throwing net (quivered)
Armour
 b - a +0 scale mail (worn)
 c - a +0 buckler
 l - a +0 kite shield (worn)
Scrolls
 f - a scroll of silence {unknown}
 g - a scroll of fog
 h - a scroll of identify
Potions
 d - a potion of might
 e - 2 potions of curing
 i - 2 potions of heal wounds
 k - a potion of lignification


   Skills:
 + Level 3.5 Fighting
 + Level 2.3 Axes
 + Level 3.1 Armour
 + Level 1.1 Dodging
 + Level 3.0 Shields
 + Level 2.0 Invocations
 + Level 1.4 Evocations


You had 3 spell levels left.
You didn't know any spells.
Your spell library was empty.

Dungeon Overview and Level Annotations

Branches:
Dungeon (3/15)

Altars:


Innate Abilities, Weirdness & Mutations

Your demonic aura sometimes causes spilled blood to erupt in flames.


Message History

You block the adder's attack. x2
Your unstable footing causes you to fumble your attack.
The adder misses you.
A river rat comes into view.
The adder bites you but does no damage.
The river rat moves out of view.
You barely miss the adder.
The adder is severely wounded.
The adder bites you. x2
Your unstable footing causes you to fumble your attack.
The adder barely misses you. The adder bites you but does no damage.
You closely miss the adder.
The adder is heavily wounded.
You block the adder's attack. x2
You closely miss the adder.
The adder is heavily wounded.
The adder bites you but does no damage. You block the adder's attack.
A rat comes into view.
You slash the adder!
You kill the adder!
The rat moves out of view.
Your Invocations skill increases to level 2!
Your unstable footing causes you to fumble your attack.
The river rat barely misses you. You block the river rat's attack.
You slash the river rat!
The river rat is almost dead.
The river rat bites you.
Your unstable footing causes you to fumble your attack.
The river rat bites you but does no damage.
The river rat bites you.
Your unstable footing causes you to fumble your attack.
The river rat closely misses you.
You barely miss the river rat.
The river rat is almost dead.
The river rat bites you!
* * * LOW HITPOINT WARNING * * *
The river rat bites you.
* * * LOW HITPOINT WARNING * * *
Your unstable footing causes you to fumble your attack.
You block the river rat's attack. The river rat bites you.
You die...

#.##.##.#
#.##.##.#####
##.##.##.....
.######..##.##..##
#................#####
##....(~....##........
#..~.~~~~~..##...###.#
.~~#~#~######...###.#
#.~~~~~~@rr#.........#
.#########r#.#...##.##
#.#...<.#..
#.#$.#.###.# #.#(..##
#.## #.#..## ##..
#.#..<## ##...
#......###.##.
#.......#.###.


You could see 2 river rats and a rat.

Vanquished Creatures
  A gnoll (D:1)
  4 adders
  A river rat (D:3)
  A dart slug (D:2)
  A ribbon worm (D:3)
  5 endoplasms
  A giant cockroach (D:1)
  A goblin (D:2)
  8 hobgoblins
  3 jackals (D:1)
  2 kobolds (D:1)
  3 quokkas
  6 ball pythons
  8 bats
  3 frilled lizards
  5 rats
53 creatures vanquished.

Notes
Turn   | Place    | Note
-------+----------+-------------------------------------------
     0 | D:1      | Revguard the Demonspawn Fighter began the quest for the
                  | Orb.
     0 | D:1      | Reached XP level 1. HP: 18/18 MP: 1/1
   137 | D:1      | Gained mutation: Your demonic aura sometimes causes spilled
                  | blood to erupt in flames. [demonic ancestry]
   137 | D:1      | Reached XP level 2. HP: 23/24 MP: 2/2
   408 | D:1      | Reached skill level 1 in Invocations
   460 | D:1      | Reached XP level 3. HP: 28/29 MP: 3/3
   533 | D:1      | Found a faded altar of an unknown god.
   831 | D:2      | Reached skill level 1 in Evocations
   890 | D:2      | Reached skill level 1 in Dodging
   890 | D:2      | Reached XP level 4. HP: 35/35 MP: 5/5
  1619 | D:3      | HP: 1/35 [river rat (3)]
  1620 | D:3      | Slain by a river rat

Illustrated notes

Levels and vault maps discovered:
D:1:      heliophobic_arrival_ceremonial_halls, layout_loops_cross,
          shapermc_ecumenical_altar_hornbeckon
D:2:      layout_loops_cross, minmay_pentomino_x4
D:3:      layout_loops_ring, lightli_sewer_entry_pipes, uniq_pargi

Skill      XL: |  1  2  3  4 |
---------------+-------------+-----
Axes           | 2 |  2.3
Invocations    | 1 2 |  2.0
Evocations     | 1 |  1.4
Armour         | 3 |  3.1
Dodging        | 1 |  1.1
Shields        | 3 |  3.0
Fighting       | |  3.5

Action                     |  1- 3 |  4- 6 || total
---------------------------+-------+-------++-------
  Melee: War axe           |    68 |    81 ||   149
    Use: Scroll            |       |     6 ||     6
 Armour: Scale mail        |    74 |    67 ||   141
  Dodge: Dodged            |    45 |    43 ||    88
  Block: Buckler           |    20 |     7 ||    27
         Kite shield       |       |    31 ||    31

Table legend: (Time is in decaauts)
 A = Elapsed time spent in this place.
 B = Non-inter-level travel time spent in this place.
 C = Inter-level travel time spent in this place.
 D = Time resting spent in this place.
 E = Time spent auto-exploring this place.
 F = Levels seen in this place.
 G = Mean time per level.
                   A        B        C        D        E       F      G
               +--------+--------+--------+--------+--------+-----+--------+
         Total |   1695 |   1640 |     55 |      0 |   1150 |   3 |  565.0 |
       Dungeon |   1695 |   1640 |     55 |      0 |   1150 |   3 |  565.0 |
               +--------+--------+--------+--------+--------+-----+--------+

Top non-repeatable levels by time:
     D:1: 847 daAuts
     D:2: 701 daAuts
     D:3: 146 daAuts
